 Seeded DCSS version 0.30-a0-629-gd54f4be4f7 (webtiles) character file.

Game seed: 10617039283874685323 (custom seed)

487 Juicyj the Shield-Bearer (level 6, -3/56 HPs)
             Began as a Minotaur Fighter on Jan 12, 2023.
             Slain by an orc warrior
             ... wielding a +0 long sword
              (10 damage)
             ... on level 5 of the Dungeon.
             The game lasted 00:28:18 (2784 turns).

Juicyj the Shield-Bearer (Minotaur Fighter)         Turns: 2784, Time: 00:28:18

Health: -3/56      AC:  7    Str: 26    XL:     6   Next: 89%
Magic:  5/5        EV:  9    Int:  5    God:
Gold:   140        SH:  5    Dex: 16    Spells: 5/5 levels left

rFire   . . .      SeeInvis .    f - +5 hammer "Suyxkin" {flame, Dex+4}
rCold   . . .      Faith    .    c - +0 buckler
rNeg    . . .      Spirit   .    b - +0 scale mail
rPois   +          Reflect  .    (helmet restricted)
rElec   .          Harm     .    (no cloak)
rCorr   .          Rampage  .    (no gloves)
Will    .....                    (no boots) Stlth
                                 (no amulet)
HPRegen 0.29/turn                k - ring of poison resistance
MPRegen 0.09/turn                m - +6 ring of strength

@: no status effects
A: horns 2, retaliatory headbutt
a: no special abilities


You were on level 5 of the Dungeon.
You visited 1 branch of the dungeon, and saw 5 of its levels.

You collected 140 gold pieces.

Inventory:

Hand Weapons
 a - a +0 trident
 f - the +5 hammer "Suyxkin" (weapon) {flame, Dex+4}
   (You found it on level 2 of the Dungeon)

   Dex:       It affects your dexterity (+4).
Armour
 b - a +0 scale mail (worn)
 c - a +0 buckler (worn)
Jewellery
 k - a ring of poison resistance (left hand)
 m - a +6 ring of strength (right hand)
Wands
 g - a wand of mindburst (11)
Scrolls
 h - a scroll of acquirement {unknown}
Potions
 d - a potion of curing {unknown}
 e - 2 potions of flight {unknown}
 i - 2 potions of berserk rage {unknown}
 j - a potion of attraction {unknown}


   Skills:
 + Level 5.3 Fighting
 + Level 3.1 Maces & Flails
 + Level 4.6 Polearms
 + Level 5.3 Armour
 + Level 5.3 Shields


You had 5 spell levels left.
You didn't know any spells.
Your spell library contained the following spells:

 Spells                   Type           Power      Damage    Failure   Level
 Beastly Appendage        Tmut           0%         N/A       83%         1
 Ensorcelled Hibernation  Hex/Ice        0%         N/A       92%         2
 Passwall                 Tmut/Erth      0%         N/A       92%         2
 Wereblood                Tmut           0%         N/A       92%         2
 Spider Form              Tmut/Pois      0%         N/A       99%         3
 Swiftness                Air            0%         N/A       99%         3
 Anguish                  Hex/Necr       0%         N/A       100%        4


Dungeon Overview and Level Annotations

Branches:
Dungeon (5/15)
 Temple: D:4-7

Altars:


Innate Abilities, Weirdness & Mutations

You have a pair of horns on your head.
You reflexively headbutt those who attack you in melee.


Message History

The orc warrior is heavily wounded.
The orc warrior closely misses you.
The orc warrior hits you with a +0 long sword!
You hit the orc warrior. You burn the orc warrior.
The orc warrior is severely wounded.
The orc warrior hits you with a +0 long sword.
You hit the orc warrior but do no damage.
Your headbutt misses the orc warrior.
The orc warrior is severely wounded.
A phantom comes into view.
The orc warrior hits you with a +0 long sword.
You hit the orc warrior but do no damage.
The orc warrior is severely wounded.
You block the orc warrior's attack.
You hit the orc warrior but do no damage.
The orc warrior is severely wounded.
You block the orc warrior's attack.
The orc warrior hits you with a +0 long sword!
You are too injured to fight recklessly!
You closely miss the orc warrior.
The orc warrior is severely wounded.
The orc warrior hits you with a +0 long sword!
* * * LOW HITPOINT WARNING * * *
You hit the orc warrior. You burn the orc warrior.
The orc warrior is almost dead.
The orc warrior hits you with a +0 long sword!
* * * LOW HITPOINT WARNING * * *
You hit the orc warrior but do no damage.
Your headbutt misses the orc warrior.
The orc warrior is almost dead.
You block the orc warrior's attack.
You barely miss the orc warrior. Your headbutt misses the orc warrior.
The orc warrior is severely wounded.
You block the orc warrior's attack. The orc warrior barely misses you.
The orc jeers loudly.
You closely miss the orc warrior.
You headbutt the orc warrior, but do no damage.
The orc warrior is severely wounded.
The orc warrior hits you with a +0 long sword!
You die...

#...... #....## ###
#.....# >. #......
#. #......
..o###.### #..[.#.
...oo..oo# #.####.
...###.#o# #.# #.
#.#@####### #.####.
#.#.......####...[..
#.#######...........
#. ###########. #.
.......... ##
##########


You could see an orc warrior and 2 orcs.

Vanquished Creatures
  A hound (D:5)
  Crazy Yiuf (D:2)
  A jelly (D:5)
  4 iguanas
  3 orc wizards
  4 gnolls (D:2)
  9 adders
  A white imp (D:3)
  A worm (D:2)
  A dart slug (D:4)
  8 orcs
  10 ball pythons
  3 endoplasms
  6 giant cockroaches
  9 goblins
  4 hobgoblins
  7 jackals
  2 quokkas (D:2)
  4 bats
  2 frilled lizards (D:1)
  9 kobolds
  6 rats
96 creatures vanquished.

Notes
Turn   | Place    | Note
-------+----------+-------------------------------------------
     0 | D:1      | Juicyj the Minotaur Fighter began the quest for the Orb.
     0 | D:1      | Reached XP level 1. HP: 19/19 MP: 0/0
    91 | D:1      | Reached XP level 2. HP: 17/27 MP: 1/1
   615 | D:1      | Reached XP level 3. HP: 33/33 MP: 2/2
   846 | D:2      | Found a runed translucent door.
   846 | D:2      | Identified the +5 hammer "Suyxkin" {flame, Dex+4}
   848 | D:2      | Noticed Crazy Yiuf
   870 | D:2      | Killed Crazy Yiuf
   944 | D:2      | Reached XP level 4. HP: 34/41 MP: 3/3
   946 | D:2      | Reached skill level 1 in Maces & Flails
  1304 | D:2      | Reached XP level 5. HP: 47/47 MP: 4/4
  2165 | D:4      | Reached XP level 6. HP: 53/55 MP: 5/5
  2249 | D:4      | Reached skill level 5 in Fighting
  2249 | D:4      | Reached skill level 5 in Shields
  2262 | D:4      | Reached skill level 5 in Armour
  2416 | D:5      | Entered Level 5 of the Dungeon
  2764 | D:5      | Noticed an orc warrior
  2784 | D:5      | Slain by an orc warrior

Illustrated notes

Levels and vault maps discovered:
D:1:      lightli_arrival_maybe_door_vault, layout_loops_cross
D:2:      minmay_diamond_boxcup, layout_basic, uniq_crazy_yiuf_cottage
D:3:      layout_rooms
D:4:      layout_loops_ring
D:5:      minmay_chambers_of_fours, layout_loops_ring

Skill      XL: |  1  2  3  4  5  6 |
---------------+-------------------+-----
Fighting       | 4 5 |  5.3
Shields        | 4 5 |  5.3
Armour         | 4 5 |  5.3
Polearms       | 3 4 |  4.6
Maces & Flails | 1 2 3 |  3.1

Action                   |  1- 3 |  4- 6 || total
-------------------------+-------+-------++-------
Melee: Trident           |    65 |       ||    65
       Headbutt          |     4 |     9 ||    13
       Mace              |     4 |   129 ||   133
Armor: Scale mail        |    22 |    59 ||    81
Dodge: Dodged            |    19 |    54 ||    73
Block: Buckler           |    12 |    33 ||    45

Table legend: (Time is in decaauts)
 A = Elapsed time spent in this place.
 B = Non-inter-level travel time spent in this place.
 C = Inter-level travel time spent in this place.
 D = Time resting spent in this place.
 E = Time spent auto-exploring this place.
 F = Levels seen in this place.
 G = Mean time per level.
                   A        B        C        D        E       F      G
               +--------+--------+--------+--------+--------+-----+--------+
         Total |   2838 |   2766 |     72 |     87 |   2149 |   5 |  567.6 |
       Dungeon |   2838 |   2766 |     72 |     87 |   2149 |   5 |  567.6 |
               +--------+--------+--------+--------+--------+-----+--------+

Top non-repeatable levels by time:
     D:2: 764 daAuts
     D:4: 712 daAuts
     D:1: 652 daAuts
     D:5: 377 daAuts
     D:3: 331 daAuts
